 Dungeon Sprint DCSS version 0.21.1-1-g345015f (webtiles) character file.

142 Fang the Cleaver (level 8, -7/85 HPs)
             Began as a Minotaur Berserker on May 16, 2018.
             Was an Elder of Trog.
             Mangled by the 27-headed Lernaean hydra (13 damage)
             ... in the Dungeon (Sprint VI: "Thunderdome").
             The game lasted 00:02:24 (478 turns).

Fang the Cleaver (Minotaur Berserker)                Turns: 478, Time: 00:02:24

Health: -7/85      AC:  1    Str: 21 (22) XL:     8   Next: 80%
Magic:  7/7        EV: 15    Int:  4      God:    Trog [****..]
Gold:   200        SH:  0    Dex:  8      Spells: 7/7 levels left

rFire    . . .     SeeInvis .   a - +0 hand axe
rCold    . . .     Gourm    .   (no shield)
rNeg     . . .     Faith    .   b - +0 animal skin
rPois    .         Spirit   .   (helmet restricted)
rElec    .         Reflect  .   (no cloak)
rCorr    .         Harm     .   (no gloves)
MR       .....     NoTele   +   (no boots)
Stlth    ++........             (no amulet)
HPRegen  0.24/turn              (no ring)
MPRegen  0.10/turn              (no ring)

@: no status effects
A: retaliatory headbutt, horns 2, clumsy 1, deformed body, deterioration 1, weak
1, no potion heal 1
a: Berserk, Trog's Hand, Brothers in Arms, Burn Spellbooks, Renounce Religion


You were in the Dungeon.
You worshipped Trog.
Trog was greatly pleased with you.
You were very hungry.

You visited 1 branch You collected 500 gold pieces.
You spent 300 gold pieces at shops.

Inventory:

Hand Weapons
 a - a +0 hand axe (weapon)
Armour
 b - a +0 animal skin (worn)
Wands
 j - a wand of acid (5)
 k - a wand of iceblast (5)
Scrolls
 i - 4 scrolls of blinking
 l - 3 scrolls of fog
Potions
 d - a potion of curing
 e - a potion of heal wounds
 f - 4 potions of haste
 g - 2 potions of magic
 h - a potion of berserk rage
 m - a potion of resistance
Comestibles
 c - a ration


   Skills:
 + Level 12.9 Fighting
 + Level 13.7 Axes
 + Level 6.5 Armour
 + Level 8.2 Dodging
 + Level 3.5 Stealth


You had 7 spell levels left.
You didn't know any spells.

Dungeon Overview and Level Annotations

Branches:
Dungeon (1/1)

Altars:
Cheibriados
Dithmenos
Fedhas
Gozag
Kikubaaqudgha
Makhleb
Qazlal
Ru
Sif Muna
Trog
Uskayaw
Vehumet
Wu Jian
Xom
Yredelemnul
Zin
The Shining One
Beogh
Jiyva
Lugonu

Shops:
D ?*?*:[((!!!!

Annotations:
D Lernaean hydra


Innate Abilities, Weirdness & Mutations

You reflexively headbutt those who attack you in melee.
You have a pair of horns on your head.
You are clumsy. (Dex -2)
Armour fits poorly on your strangely shaped body.
Your body sometimes deteriorates upon taking damage.
You are weak. (Str -2)
Potions are less effective at restoring your health.


Message History

Get ready!
You start resting.
ROUND 5!
BOSS ROUND!
You start resting.
The 27-headed Lernaean hydra comes into view.
The 27-headed Lernaean hydra is nearby!
The 27-headed Lernaean hydra roars deafeningly!
There is an entrance to Vaekau's Do-It-Yourself Clinic here.
There is a bloodstained altar of Trog here.
There is a glowing silver altar of Zin here.
There is a snail-covered altar of Cheibriados here.
The 27-headed Lernaean hydra bites you!
The 27-headed Lernaean hydra completely misses you.
The 27-headed Lernaean hydra bites you! x2
* * * LOW HITPOINT WARNING * * *
The 27-headed Lernaean hydra bites you!
* * * LOW HITPOINT WARNING * * *
Your body deteriorates!
You feel weakened. The 27-headed Lernaean hydra bites you!
You die...

#.8.........8.######
__......###......__.∩##
......8.# #.8........∩###
........###.............##
.....###...###..........⌠#
..... #.<.# #..........⌠#
.....###...###..........⌠#
........###......D......##
......8.# #.8...@....∩###
__......###......___∩##
###.8.........8.######
#⌠...........⌠#
###.........###
#_......._# #_......._#
#_......._# #∩.......∩#


You could see the 27-headed Lernaean hydra.

Vanquished Creatures
  6 neqoxecs (D)
  A hound (D)
  A gnoll shaman (D)
  Crazy Yiuf (D)
  A jelly (D)
  3 oozes (D)
13 creatures vanquished.

Notes
Turn   | Place    | Note
-------+----------+-------------------------------------------
     0 | D        | Fang the Minotaur Berserker began the quest for the Orb.
     0 | D        | Reached XP level 1. HP: 19/19 MP: 0/0
     2 | D        | Found an ancient bone altar of Kikubaaqudgha.
     2 | D        | Found a viscous altar of Jiyva.
     3 | D        | Found a shimmering altar of Xom.
     3 | D        | Found a radiant altar of Vehumet.
     4 | D        | Found a deep blue altar of Sif Muna.
     4 | D        | Found a roughly hewn altar of Beogh.
     5 | D        | Found a blossoming altar of Fedhas.
     5 | D        | Found a hide-covered altar of Uskayaw.
     5 | D        | Found Nepietue's Premium Goods.
     5 | D        | Found Bakut's Weapon Rack.
     5 | D        | Round 1.
     6 | D        | Found a glowing golden altar of the Shining One.
     6 | D        | Found Vore's Miscellaneous Merchandise.
     6 | D        | Found Ezafijom's Basic Armour.
    11 | D        | Noticed a jelly
    24 | D        | Found a snail-covered altar of Cheibriados.
    28 | D        | Found a glowing silver altar of Zin.
    28 | D        | Found a bloodstained altar of Trog.
    28 | D        | Found Vaekau's Do-It-Yourself Clinic.
    28 | D        | Found Opreubuh's Bottled Wisdom.
    29 | D        | Found Daufun's Distillery.
    32 | D        | Found a shadowy altar of Dithmenos.
    32 | D        | Found a stormy altar of Qazlal.
    32 | D        | Found Giklab's Distillery.
    37 | D        | Killed a jelly
    37 | D        | Reached skill level 5 in Fighting
    37 | D        | Reached skill level 5 in Axes
    37 | D        | Reached XP level 2. HP: 30/30 MP: 1/1
   128 | D        | Reached XP level 3. HP: 37/37 MP: 2/2
   130 | D        | Reached ** piety under Trog
   130 | D        | Reached skill level 6 in Axes
   145 | D        | Found a sacrificial altar of Ru.
   149 | D        | Found a basalt altar of Yredelemnul.
   149 | D        | Found Gaixzayt's Staff Store.
   149 | D        | Found Faluqeat's Must-Have Magic.
   150 | D        | Found Koiwk's Magic Scroll Shop.
   159 | D        | Found a corrupted altar of Lugonu.
   159 | D        | Found an opulent altar of Gozag.
   159 | D        | Found Koumumab's Magic Scroll Shop.
   192 | D        | Arena points: 5 (+5) [x1]
   207 | D        | Round 2.
   208 | D        | Noticed Crazy Yiuf
   210 | D        | Reached skill level 7 in Axes
   210 | D        | Reached XP level 4. HP: 45/45 MP: 3/3
   223 | D        | Killed Crazy Yiuf
   223 | D        | Reached *** piety under Trog
   223 | D        | Reached skill level 8 in Axes
   253 | D        | Arena points: 21 (+16) [x2]
   268 | D        | Round 3.
   274 | D        | Found an ornate altar of the Wu Jian Council.
   320 | D        | Arena points: 30 (+9) [x3]
   335 | D        | Round 4.
   337 | D        | Noticed a neqoxec
   339 | D        | Noticed a neqoxec
   347 | D        | Killed a neqoxec
   347 | D        | Reached skill level 9 in Axes
   347 | D        | Reached skill level 5 in Armour
   347 | D        | Reached XP level 5. HP: 46/57 MP: 4/4
   352 | D        | Gained mutation: Your body sometimes deteriorates upon taking damage. [a neqoxec]
   353 | D        | Killed a neqoxec
   353 | D        | Reached skill level 10 in Fighting
   353 | D        | Reached skill level 11 in Axes
   353 | D        | Reached skill level 5 in Dodging
   353 | D        | Reached skill level 1 in Stealth
   353 | D        | Reached XP level 6. HP: 40/67 MP: 5/5
   377 | D        | Noticed a neqoxec
   377 | D        | Gained mutation: Armour fits poorly on your strangely shaped body. [a neqoxec]
   381 | D        | Found a burning altar of Makhleb.
   382 | D        | Noticed a neqoxec
   390 | D        | Noticed a neqoxec
   390 | D        | Killed a neqoxec
   397 | D        | Noticed a neqoxec
   404 | D        | Gained mutation: You are clumsy. (Dex -2) [a neqoxec]
   407 | D        | Killed a neqoxec
   407 | D        | Reached **** piety under Trog
   407 | D        | Reached skill level 12 in Axes
   407 | D        | Reached XP level 7. HP: 42/74 MP: 6/6
   413 | D        | Killed a neqoxec
   416 | D        | Gained mutation: Potions are less effective at restoring your health. [a neqoxec]
   418 | D        | Gained mutation: You are weak. (Str -2) [a neqoxec]
   420 | D        | Killed a neqoxec
   420 | D        | Arena points: 142 (+112) [x4]
   420 | D        | Reached skill level 13 in Axes
   448 | D        | Bought a potion of experience for 300 gold pieces
   448 | D        | Reached XP level 8. HP: 45/85 MP: 7/7
   469 | D        | Round 5.
   472 | D        | Noticed the 27-headed Lernaean hydra
   478 | D        | Mangled by the 27-headed Lernaean hydra

Skill      XL: |  1  2  3  4  5  6  7 |
---------------+----------------------+-----
Fighting       | 5 6 9 10 11 12 | 12.9
Axes           | 5 7 9 11 12 13 | 13.7
Armour         | 3 5 6 |  6.5
Dodging        | 3 4 5 6 8 |  8.2
Stealth        | 1 3 |  3.5

Action                   |  1- 3 |  4- 6 |  7- 9 || total
-------------------------+-------+-------+-------++-------
Melee: Hand axe          |     9 |    46 |    10 ||    65
       Headbutt          |     1 |    11 |     3 ||    15
Invok: Berserk           |     2 |     1 |       ||     3
  Use: Potion            |       |     1 |     3 ||     4
Armor: Animal skin       |       |     3 |     1 ||     4
Dodge: Dodged            |     5 |    37 |    17 ||    59
